 Dungeon Crawl Stone Soup version 0.29.1-1-gd02db6906a (webtiles) character file.

Game seed: 14614959343137967133

25 H0rd4k the Charlatan (level 3, 0/26 HPs)
             Began as a Human Artificer on Sept 26, 2022.
             Slain by Terence
             ... wielding a +0 flail
              (11 damage)
             ... on level 2 of the Dungeon.
             The game lasted 00:01:14 (1851 turns).

H0rd4k the Charlatan (Human Artificer)              Turns: 1851, Time: 00:01:15

Health: 0/26       AC:  3    Str: 12    XL:     3   Next: 17%
Magic:  3/3        EV: 11    Int: 13    God:
Gold:   24         SH:  0    Dex: 13    Spells: 2/2 levels left

rFire   . . .      SeeInvis .   a - +0 club
rCold   . . .      Faith    .   (no shield)
rNeg    . . .      Spirit   .   b - +0 leather armour
rPois   .          Reflect  .   (no helmet)
rElec   .          Harm     .   (no cloak)
rCorr   .          Rampage  .   (no gloves)
Will    .....                   (no boots)
Stlth   +.........              (no amulet)
HPRegen 0.08/turn               (no ring)
MPRegen 0.08/turn               (no ring)

@: no status effects
A: no striking features
a: no special abilities


You were on level 2 of the Dungeon.
You visited 1 branch of the dungeon, and saw 2 of its levels.

You collected 24 gold pieces.

Inventory:

Hand Weapons
 a - a +0 club (weapon)
Armour
 b - a +0 leather armour (worn)
 f - a +2 hat
Wands
 c - a wand of flame (10) (quivered)
 d - a wand of charming (15)
 e - a wand of iceblast (5)
Potions
 g - a potion of curing {unknown}
 h - a potion of brilliance {unknown}


   Skills:
 + Level 1.5 Fighting
 + Level 1.2 Maces & Flails
 - Level 2.0 Armour
 + Level 2.0 Dodging
 - Level 1.0 Stealth
 - Level 3.0 Evocations


You had 2 spell levels left.
You didn't know any spells.
Your spell library was empty.

Dungeon Overview and Level Annotations

Branches:
Dungeon (2/15)

Altars:

Annotations:
D:2 Terence


Message History

You hit the kobold.
The kobold is severely wounded.
The kobold hits you with a +0 dagger.
You are too injured to fight recklessly!
A kobold is nearby!
A kobold is nearby!
You hit the kobold.
You kill the kobold!
Your Dodging skill increases to level 2!
Things that are here:
a +0 dagger; 2 stones; a kobold corpse Key pressed, stopping explore.
Found a stone staircase leading down.
A ball python comes into view.
A ball python is nearby!
The helpless ball python fails to defend itself.
You hit the ball python.
You kill the ball python!
No target in view!
No target in view!
No target in view!
No target in view!
No target in view!
A sourceless malevolence fills the Dungeon...
You fall into a shaft and drop 1 floor!
The shaft crumbles and collapses.
Found 10 gold pieces.
Found a stone staircase leading down.
You now have 24 gold pieces (gained 10).
An adder comes into view.
The adder moves out of view.
Terence the Incautious comes into view.
He is wielding a +0 flail.
Terence asks, "Do you want it fast or slow?"
Found an escape hatch in the ceiling.
Terence attacks as you move away! Terence completely misses you.
Terence attacks as you move away! Terence misses you.
Terence attacks as you move away! Terence closely misses you.
Terence attacks as you move away! Terence hits you with a +0 flail!
Terence attacks as you move away! Terence hits you with a +0 flail!
Terence attacks as you move away! Terence hits you with a +0 flail!
You die...

#.#......# #
#.#.#.##.# #
.#.#.#.#.##.######..#
.....#.#.##........#
##.#...#.#.........#
#.#...#.###.#####.# .
#.....#...##### .#
####........@.#
.<.......>######@#
########## #.# #.#
#.# #.# #.# #.# ..#


You could see Terence.

Vanquished Creatures
  A dart slug (D:1)
  4 ball pythons (D:1)
  2 bats (D:1)
  2 endoplasms (D:1)
  A giant cockroach (D:1)
  3 goblins (D:1)
  2 hobgoblins (D:1)
  4 kobolds (D:1)
  A rat (D:1)
20 creatures vanquished.

Notes
Turn   | Place    | Note
-------+----------+-------------------------------------------
     0 | D:1      | H0rd4k the Human Artificer began the quest for the Orb.
     0 | D:1      | Reached XP level 1. HP: 15/15 MP: 1/1
   335 | D:1      | Reached XP level 2. HP: 18/21 MP: 2/2
   594 | D:1      | Reached skill level 1 in Maces & Flails
  1281 | D:1      | Reached XP level 3. HP: 7/26 MP: 3/3
  1806 | D:1      | You fall into a shaft and drop 1 floor!
  1838 | D:2      | Noticed Terence
  1851 | D:2      | Slain by Terence

Illustrated notes

Levels and vault maps discovered:
D:1:      dpeg_arrival_connections, layout_loops_ring, roderic_lattice_a
D:2:      layout_basic, basic_altar, minmay_tiny_reverse_x, uniq_terence

Skill      XL: |  1  2  3 |
---------------+----------+-----
Maces & Flails | 1 |  1.2
Dodging        | 2 |  2.0
Fighting       | |  1.5
Armour         | |  2.0
Stealth        | |  1.0
Evocations     | |  3.0

Action                   || total
-------------------------++-------
Melee: Club              ||   112
       Punch             ||     3
Evoke: Wand              ||     5
 Stab: Sleeping          ||     1
Armor: Leather armour    ||    51
Dodge: Dodged            ||    83
